AoeStats
← NDF

Arabia

505574435Analyzed
1v1 RM · 22d ago on Sep 10, 2026· 23m 37s· 2 players
Game mode
Random Map
Map size
Tiny (2 player)
Population
200
Speed
Normal
Resources
Standard
Victory
Conquest
Starting age
Dark Age
Ending age
Imperial Age
RankedLock teamsTeams togetherTeam positionsShared explorationLock speedFull tech treeHidden civsTurbo modeCheats
Victory
Defeat
🇦🇷 Teutons · Argentina
503
+20
🇦🇷 Spanish · Argentina
587
-35
ridoverto
18:11 Feudal Age
NDF
3:40 Loom
12:53 Feudal Age
13:13 Man-at-Arms
22:02 Castle Age
20:49 Double-Bit Axe
21:38 Horse Collar
21:52 Gold Mining
23:01 Stone Mining
Connection lost

Rejoining the realm…

Still unreachable

The connection could not be restored.

Session expired

The server has moved on; the page needs a fresh start.